Workbook

Sheet orcamento
A1: ORÇAMENTO
A3: RECOMPOSIÇÃO DE BASE, FRESAGEM E RECOMPOSIÇÃO DE PAVIMENTAÇÃO ASFÁLTICA - RECUPERAÇÃO RUAS AFETADAS POR OBRAS DA CASAN
A5: Proprietário: Prefeitura Municipal de Rio do Sul | D5: Endereço: Vias com obras executadas pela CASAN
A7: Descrição: Recomposição de base, fresagem e recomposição de pavimentação asfáltica | G7: Fresagem e capa: 7.000m² Base e capa:20.000,00m² | K7: BDI: 20,70%
K9: 45078
A11: Referência: SINAPI 04/2023 s/d SICRO 01/2023
B13: ITEM | C13: SERVIÇO/INSUMO | D13: DESCRIÇÃO DO SERVIÇO/INSUMO | E13: UN | F13: QUANT | G13: CUSTO UNIT. SEM BDI | H13: BDI (%) | I13: PREÇO UNIT. COM BDI | J13: PREÇO TOTAL COM BDI | K13: CÓDIGO | L13: FONTE
B14: 1 | C14: ADMINISTRAÇÃO LOCAL | I14: ∑ | J14: 144041.41
B15: 1.1 | C15: ADMINISTRAÇÃO LOCAL | D15: Composição dentro dos parametros do Acórdão 2622/2013 TCU, inclui acompanhamento de responsável técnico, mobilizações e desmobilizações, ensaios de controle tecnológico | E15: VB | F15: 1 | G15: 114224.84 | H15: 0.207 | I15: =J14 -> 144041.41 | J15: =J14 -> 144041.41 | K15: CPA151 | L15: COMPOSIÇÃO
B16: 3 | C16: SERVIÇOS INICIAIS | I16: ∑ | J16: =J17+J18+J19+J20+J21 -> 131664.8
B17: 3.1 | C17: SERVICOS TOPOGRAFICOS PARA PAVIMENTACAO, INCLUSIVE NOTA DE SERVICOS, ACOMPANHAMENTO E GREIDE | D17: Locação da obra com uso de equipamentos topográficos, inclusive topógrafo | E17: M2 | F17: 27000 | G17: =composições!I282 -> 0.40519 | H17: 0.207 | I17: =ROUND((G17*1.207),2) -> 0.49 | J17: 13230 | K17: CPA144 | L17: COMPOSIÇÃO
B18: 3.2 | C18: REMOÇÃO MECANIZADA DE REVESTIMENTO ASFÁLTICO | D18: Remoção de pavimento asfáltico com as camadas sem transporte | E18: M3 | F18: 1000 | G18: 12.07 | H18: 0.207 | I18: =ROUND((G18*1.207),2) -> 14.57 | J18: 14570 | K18: 4915667 | L18: SICRO-C
B19: 3.3 | C19: TRANSPORTE COM CAMINHÃO BASCULANTE DE 6 M³, EM VIA URBANA PAVIMENTADA, DMT ATÉ 30 KM (UNIDADE: M3XKM). AF_07/2020 (sec de obras) | D19: Transporte do volume proveniente da remoção de pavimento asfáltico existente para bota fora, empolado em 50% (DMT 3Km) | E19: M3XKM | F19: =F18*3*1.5 -> 4500 | G19: 2.73 | H19: 0.207 | I19: =ROUND((G19*1.207),2) -> 3.3 | J19: 14850 | K19: 97914 | L19: SINAPI-C
B20: 3.4 | C20: DEMOLIÇÃO DE PAVIMENTO INTERTRAVADO, DE FORMA MANUAL, COM REAPROVEITAMENTO | D20: Remoção de pavimento intertravado ( 2,8km x 1,5m largura) | E20: M2 | F20: 4200 | G20: 17.063 | H20: 0.207 | I20: =ROUND((G20*1.207),2) -> 20.6 | J20: 86520 | K20: 97635 | L20: SINAPI-C
B21: 3.5 | C21: TRANSPORTE COM CAMINHÃO BASCULANTE DE 6 M³, EM VIA URBANA PAVIMENTADA, DMT ATÉ 30 KM (UNIDADE: M3XKM). AF_07/2020 (sec de obras) | D21: Transporte do volume proveniente da remoção de pavimento asfáltico existente para bota fora (DMT 3Km) | E21: M3XKM | F21: =F20*0.06*3 -> 756 | G21: 2.73 | H21: 0.207 | I21: =ROUND((G21*1.207),2) -> 3.3 | J21: 2494.8 | K21: 97914 | L21: SINAPI-C
B22: 4 | C22: TERRAPLANAGEM | I22: ∑ | J22: =J23+J24 -> 276150
B23: 4.1 | C23: ESCAVAÇÃO HORIZONTAL, INCLUINDO CARGA E DESCARGA EM SOLO DE 1A CATEGORIA COM TRATOR DE ESTEIRAS (170HP/LÂMINA: 5,20M3). AF_07/2020 (20.000M² X 0.50) | D23: Escavação, carga e descarga de material de 1º cat. para execução dos taludes e do subleito | E23: M3 | F23: 10000 | G23: 12.63 | H23: 0.207 | I23: =ROUND((G23*1.207),2) -> 15.24 | J23: 152400 | K23: 101126 | L23: SINAPI-C
B24: 4.2 | C24: TRANSPORTE COM CAMINHÃO BASCULANTE DE 6 M³, EM VIA URBANA PAVIMENTADA, DMT ATÉ 30 KM (UNIDADE: M3XKM). AF_07/2020 | D24: Transporte do volume proveniente da escavação e carga do material para execução dos taludes e subleito para bota fora, empolado em 25% (DMT 3Km) | E24: M3XKM | F24: =F23*1.25*3 -> 37500 | G24: 2.73 | H24: 0.207 | I24: =ROUND((G24*1.207),2) -> 3.3 | J24: 123750 | K24: 97914 | L24: SINAPI-C
B25: 6 | C25: PAVIMENTAÇÃO | I25: ∑ | J25: =J27+J28+J29+J31+J32+J33+J34+J36+J37 -> 4003404
B26: 6.1 | C26: CAMADAS CONSTITUINTES DO PAVIMENTO | J26: =J27+J28+J29 -> 1064180
B27: 6.1.1 | C27: REGULARIZAÇÃO E COMPACTAÇÃO DE SUBLEITO DE SOLO PREDOMINANTEMENTE ARGILOSO. AF_11/2019 | D27: Regularização e compactação de subleito com uso de motoniveladora, caminhão pipa e rolo compactador vibratório pé de carneiro, incluindo operador | E27: M2 | F27: 20000 | G27: 2.29 | H27: 0.207 | I27: =ROUND((G27*1.207),2) -> 2.76 | J27: 55200 | K27: 100576 | L27: SINAPI-C
B28: 6.1.2 | C28: EXECUÇÃO E COMPACTAÇÃO DE BASE E OU SUB BASE COM MACADAME SECO (COM TRANSPORTE) área da remoção de asfalto para reforço de subleito x 0,25m | D28: Camada de macadame seco e=25cm, com uso de caminhão basculante, pá carregadeira ou distribuidor de agregados, rolo compactador tanden e pneus incluindo operador, materiais e transporte | E28: M3 | F28: =F27*0.25 -> 5000 | G28: =composições!I214 -> 103.77939 | H28: 0.207 | I28: =ROUND((G28*1.207),2) -> 125.26 | J28: =F28*I28 -> 626300 | K28: CPA121 | L28: COMPOSIÇÃO
B29: 6.1.3 | C29: EXECUÇÃO E COMPACTAÇÃO DE BASE E OU SUB BASE COM BRITA GRADUADA SIMPLES (COM TRANSPORTE) | D29: Camada de brita graduada compactada e=15cm, com uso de caminhão basculante, pá carregadeira ou distribuidor de agregados, rolo compactador tanden e pneus e caminhão pipa, incluindo operador, materiais e transporte | E29: M3 | F29: =F27*0.15 -> 3000 | G29: =composições!I239 -> 105.68343 | H29: 0.207 | I29: =ROUND((G29*1.207),2) -> 127.56 | J29: =F29*I29 -> 382680 | K29: CPA122 | L29: COMPOSIÇÃO
B30: 6.2 | C30: PAVIMENTAÇÃO ASFÁLTICA | I30: =ROUND((G30*1.207),2) -> 0 | J30: =J31+J32+J33+J34 -> 2770034
B31: 6.2.1 | C31: EXECUÇÃO DE IMPRIMAÇÃO COM ASFALTO DILUÍDO CM-30 | D31: Imprimação com CM-30 taxa de 1,0 l/m2, com uso de espargidor, trator de pneus, incluindo operador e material | E31: M2 | F31: =F27 -> 20000 | G31: =composições!I323 -> 7.766686 | H31: 0.207 | I31: =ROUND((G31*1.207),2) -> 9.37 | J31: =ROUND((F31*I31),2) -> 187400 | K31: CPA163 | L31: COMPOSIÇÃO
B32: 6.2.2 | C32: EXECUÇÃO DE PINTURA DE LIGAÇÃO COM EMULSÃO ASFÁLTICA RR-2C | D32: Pintura de ligação RR-2C taxa de 0,8 l/m2 com limpeza da superficie, com uso de espargidor, trator de pneus, incluindo operador e materiais | E32: M2 | F32: 27000 | G32: =composições!I336 -> 2.679987 | H32: 0.207 | I32: =ROUND((G32*1.207),2) -> 3.23 | J32: =F32*I32 -> 87210 | K32: CPA177 | L32: COMPOSIÇÃO
B33: 6.2.3 | C33: EXECUÇÃO DE PAVIMENTO COM APLICAÇÃO DE CONCRETO ASFÁLTICO, CAMADA DE ROLAMENTO - EXCLUSIVE CARGA E TRANSPORTE. AF_11/2019 (20000m² x 0,05 / 7000m² x 0,04) | D33: Construção de pavimento com aplicação de concreto betuminoso usinado a quente (CBUQ), camada de rolamento (e=variavel conforme definição na descrição do ítem), com uso de vibroacabadora, rolo compactador tandem e de pneus, incluindo operador e materiais | E33: M3 | F33: 1280 | G33: 1566.09 | H33: 0.207 | I33: =ROUND((G33*1.207),2) -> 1890.27 | J33: =F33*I33 -> 2419545.6 | K33: 95995 | L33: SINAPI-C
B34: 6.2.4 | C34: TRANSPORTE COM CAMINHÃO BASCULANTE DE 10 M³ - RODOVIA PAVIMENTADA | D34: Transporte do Concreto Asfáltico considerando a usina mais proxima (DMT 26Km) | E34: TKM | F34: =F33*26*2.4 -> 79872 | G34: 0.79 | H34: 0.207 | I34: =ROUND((G34*1.207),2) -> 0.95 | J34: =F34*I34 -> 75878.4 | K34: 5914389 | L34: SICRO-C
B35: 6.3 | C35: FRESAGEM e=4cm | I35: =ROUND((G35*1.207),2) -> 0 | J35: =J36+J37 -> 169190
B36: 6.3.1 | C36: FRESAGEM DE PAVIMENTO ASFÁLTICO (PROFUNDIDADE ATÉ 5,0 CM) - EXCLUSIVE TRANSPORTE. AF_11/2019 | D36: Fresagem continua de revestimento betuminoso, e=4cm | E36: M2 | F36: 7000 | G36: 7.72 | H36: 0.207 | I36: =ROUND((G36*1.207),2) -> 9.32 | J36: =F36*I36 -> 65240 | K36: 96001 | L36: SINAPI-C
B37: 6.3.2 | C37: TRANSPORTE COM CAMINHÃO BASCULANTE DE 6 M³, EM VIA URBANA PAVIMENTADA, DMT ATÉ 30 KM (UNIDADE: M3XKM). AF_07/2020 | D37: Transporte de material proveniente do fresamento empolado em 50% para o bota fora (DMT 3Km) | E37: M3XKM | F37: =F36*1.5*3 -> 31500 | G37: 2.73 | H37: 0.207 | I37: =ROUND((G37*1.207),2) -> 3.3 | J37: =F37*I37 -> 103950 | K37: 97914 | L37: SINAPI-C
I38: ∑ | J38: =J25+J22+J16+J14 -> 4555260.2
D39: =J38*0.03 -> 136657.81
B73: 3 | C73: Na elaboração do orçamento, os custos dos itens SINAPI com atribuição São Paulo (AS) foram verificados, sendo que a especificidade local justifica a manutenção desses.

Sheet cronograma
B12: ITEM | C12: DESCRIÇÃO | D12: TOTAL | E12: % | F12: 1º MES | G12: % | H12: 2º MES | I12: % | J12: 3º MES | K12: % | L12: 4º MES | M12: %
B13: 1 | C13: ADMINISTRAÇÃO LOCAL | D13: 9351.88 | E13: 1.9786637 | F13: 1538.1904 | G13: 16.447927 | H13: 2536.0556 | I13: 27.118136 | J13: 4543.164 | K13: 48.580221 | L13: 734.47006 | M13: 7.8537156
B14: 2 | C14: MOBILIZAÇÃO / DESMOBILIZAÇÃO PARA OBRAS DE PAVIMENTAÇÃO ASFÁLTICA | D14: 8916.18 | E14: 1.8864786 | F14: 4458.09 | G14: 50 | H14: 0 | J14: 0 | L14: 4458.09 | M14: 50
B15: 3 | C15: SERVIÇOS INICIAIS | D15: 21299.35 | E15: 4.5065003 | F15: 21299.35 | G15: 100 | H15: 0 | J15: 0 | K15: 0 | L15: 0 | M15: 0
B16: 4 | C16: TERRAPLANAGEM | D16: 13307.79 | E16: 2.8156521 | F16: 13307.79 | G16: 100 | H16: 0 | J16: 0 | L16: 0
B17: 5 | C17: DRENAGEM PLUVIAL | D17: 92838.57 | E17: 19.642714 | F17: 37135.428 | G17: 40 | H17: 37135.428 | I17: 40 | J17: 18567.714 | K17: 20 | L17: 0
B18: 6 | C18: PAVIMENTAÇÃO | D18: 294995.45 | E18: 62.414913 | F18: 0 | H18: 88498.635 | I18: 30 | J18: 206496.82 | K18: 70 | L18: 0
B19: 7 | C19: SINALIZAÇÃO VIÁRIA | D19: 18727.06 | E19: 3.9622571 | F19: 0 | H19: 0 | J19: 0 | L19: 18727.06 | M19: 100
B20: 8 | C20: OBRAS COMPLEMENTARES | D20: 13199.88 | E20: 2.7928206 | F20: 0 | H20: 0 | J20: 0 | L20: 13199.88 | M20: 100
C22: TOTAL | F22: 77738.848 | G22: 16.447927 | H22: 128170.12 | I22: 27.118136 | J22: 229607.69 | K22: 48.580221 | L22: 37119.5 | M22: 7.8537156
C23: TOTAL ACUMULADO | D23: 472636.16 | E23: 100 | F23: 77738.848 | G23: 16.447927 | H23: 205908.97 | I23: 43.566063 | J23: 435516.66 | K23: 92.146284 | L23: 472636.16 | M23: 100
I29: RAFAEL GÜNTER MÜLLER Engenheiro Civil - CREA/SC 127855-2
I30: Rio do Sul, 28 de março de 2023

Sheet BDI
B5: O valor do BDI é obtido pela fórmula e taxas abaixo
B9: FÓRMULA BDI
B12: BDI= | C12: (1+AC+S+R+G)(1+DF)(1+L) | D12: -1
C13: _______________________________________
C14: (1-I)
B17: ONDE:
B18: AC= taxa de administração central | E18: 0.0401
B19: S=taxa de seguros | E19: 0.002
B20: G=taxa de garantias | E20: 0.002
B21: R=taxa de riscos | E21: 0.0056
B22: DF=taxa de despesas financeiras | E22: 0.0111
B23: L=taxa de lucro / remuneração | E23: 0.073
B24: I=taxa de incidência de impostos | E24: 0.0565
C26: I1: PIS e COFINS | D26: 0.0365
C27: I2: ISSQN (conforme legislação municipal) | D27: 0.02
C28: ∑ | D28: 0.0565
B30: TEMOS ENTÃO ENTRANDO COM OS DADOS NA FÓRMULA
B32: BDI = | C32: 0.207
B37: ________________________________
B38: RAFAEL GÜNTER MÜLLER Engenheiro Civil - CREA/SC 127855-2
B40: Rio do Sul, 28 de março de 2023

Sheet composições
B4: Descrição | H4: Uni. | I4: Cód.
B5: REATERRO DAS VALAS COM BRITA N. 2, FORNECIMENTO E COLOCAÇÃO | H5: M3 | I5: CPA005
B6: Serviço/Insumo | C6: Descrição do Serviço/Insumo | D6: Coefi. | E6: Uni. | F6: Valor uni. | G6: Fonte | H6: Cód. | I6: Valor s/BDI
B7: SERVENTE COM ENCARGOS COMPLEMENTARES | C7: Servente com encargos complementares | D7: 0.15 | E7: H | F7: 21.48 | G7: SINAPI-C | H7: 88316 | I7: 3.22
B8: RETROESCAVADEIRA SOBRE RODAS COM CARREGADEIRA, TRAÇÃO 4X2, POTÊNCIA LÍQ. 79 HP, CAÇAMBA CARREG. CAP. MÍN. 1 M3, CAÇAMBA RETRO CAP. 0,20 M3, PESO OPERACIONAL MÍN. 6.570 KG, PROFUNDIDADE ESCAVAÇÃO MÁX. 4,37 M - CHP DIURNO. AF_06/2014 | C8: Retroescavadeira sobre rodas | D8: 0.02 | E8: CHP | F8: 132.6 | G8: SINAPI-C | H8: 5680 | I8: 2.65
B9: BRITA Nº2 COM FORNECIMENTO DO MATERIAL | C9: Brita n 2 | D9: 1.02 | E9: M3 | F9: 59.5 | G9: MERCADO | H9: MPA003 | I9: 60.69
H10: ∑ | I10: 66.56
B12: Descrição | H12: Uni. | I12: Cód.
B13: PLACA DE INDICAÇÃO DO NOME DA RUA 25 X 50 CM, COM CHAPA DE AÇO E POSTE EM AÇO GALVANIZADO, CHUMBADA EM SAPATA DE CONCRETO | H13: UN | I13: CPA007
B14: Serviço/Insumo | C14: Descrição do Serviço/Insumo | D14: Coefi. | E14: Uni. | F14: Valor uni. | G14: Fonte | H14: Cód. | I14: Valor s/BDI
B15: PARAFUSO DE FERRO POLIDO, SEXTAVADO, COM ROSCA INTEIRA, DIAMETRO 5/16", COMPRIMENTO 3/4", COM PORCA E ARRUELA LISA LEVE | C15: Parafuso de ferro galvanizado, sextavado, com rosca interna, acompanha porca e arruela | D15: 4 | E15: UN | F15: 0.71 | G15: SINAPI-I | H15: 13246 | I15: 2.84
B16: PLACA DE SINALIZACAO EM CHAPA DE ACO NUM 16 COM PINTURA REFLETIVA | C16: Placa de Sinalização em chapa de aço, com pintura totalmente refletiva | D16: 0.125 | E16: M2 | F16: 635.25 | G16: SINAPI-I | H16: 34723 | I16: 79.41
B17: BARRA DE ACO CHATO, RETANGULAR, 25,4 MM X 4,76 MM (L X E), 1,73 KG/M | C17: Barra de ferro galvanizado, barra chata, 1" x 3/16" (l x e) | D17: 0.35 | E17: M | F17: 17.9 | G17: SINAPI-I | H17: 565 | I17: 6.27
B18: SERVENTE COM ENCARGOS COMPLEMENTARES | C18: Servente, com engargos complementares | D18: 1.5 | E18: H | F18: 21.48 | G18: SINAPI-C | H18: 88316 | I18: 32.22
B19: SERRALHEIRO COM ENCARGOS COMPLEMENTARES | C19: Serralheiro, com engargos complementares | D19: 0.5 | E19: H | F19: 31.03 | G19: SINAPI-C | H19: 88315 | I19: 15.52
B20: TUBO ACO GALVANIZADO COM COSTURA, CLASSE MEDIA, DN 2", E = *3,65* MM, PESO *5,10* KG/M (NBR 5580) | C20: Poste de aço h=3,05m d=2"pol | D20: 3.05 | E20: M | F20: 80.81 | G20: SINAPI-I | H20: 7696 | I20: 246.47
B21: CONCRETO FCK = 15MPA, TRAÇO 1:3,4:3,5 (EM MASSA SECA DE CIMENTO/ AREIA MÉDIA/ BRITA 1) - PREPARO MECÂNICO COM BETONEIRA 400 L. AF_05/2021 | C21: Concreto magro para base do poste c/ lançamento e adensamento | D21: 0.054 | E21: M3 | F21: 476.68 | G21: SINAPI-C | H21: 94963 | I21: 25.74
H22: ∑ | I22: 408.47
B24: Descrição | H24: Uni. | I24: Cód.
B25: MEIO FIO PRÉ MOLDADO DE CONCRETO TIPO 1 (ARREDONDADO) (6X10)X10X30, COM FORNECIMENTO E INSTALAÇÃO | H25: M | I25: CPA009
B26: Serviço/Insumo | C26: Descrição do Serviço/Insumo | D26: Coefi. | E26: Uni. | F26: Valor uni. | G26: Fonte | H26: Cód. | I26: Valor s/BDI
B27: MEIO FIO 6/10X30X100 (ARREDONDADO) COM FORNECIMENTO DO MATERIAL | C27: Meio Fio Tipo 1 (arredondado) (6x10)x10x30, | D27: 1.005 | E27: M | F27: 30.22 | G27: MERCADO | H27: MPA009 | I27: 30.37
B28: SERVENTE COM ENCARGOS COMPLEMENTARES | C28: Servente, com engargos complementares | D28: 0.194 | E28: H | F28: 21.48 | G28: SINAPI-C | H28: 88316 | I28: 4.17
B29: PEDREIRO COM ENCARGOS COMPLEMENTARES | C29: Pedreiro, com engargos complementares | D29: 0.194 | E29: H | F29: 31.3 | G29: SINAPI-C | H29: 88309 | I29: 6.07
B30: AREIA MEDIA - POSTO JAZIDA/FORNECEDOR (RETIRADO NA JAZIDA, SEM TRANSPORTE) | C30: Areia Media | D30: 0.002154 | E30: M3 | F30: 150 | G30: SINAPI-I | H30: 370 | I30: 0.32
B31: ARGAMASSA TRAÇO 1:3 (EM VOLUME DE CIMENTO E AREIA MÉDIA ÚMIDA), PREPARO MANUAL. AF_08/2019 | C31: Argamassa cimento/areia 1:3 preparo manual | D31: 0.000615 | E31: M3 | F31: 721.28 | G31: SINAPI-C | H31: 88629 | I31: 0.44
H32: ∑ | I32: 41.37
B34: Descrição | H34: Uni. | I34: Cód.
B35: MEIO FIO PRÉ MOLDADO DE CONCRETO TIPO 2 (RETO) 6X6X30, COM FORNECIMENTO E INSTALAÇÃO | H35: M | I35: CPA010
B36: Serviço/Insumo | C36: Descrição do Serviço/Insumo | D36: Coefi. | E36: Uni. | F36: Valor uni. | G36: Fonte | H36: Cód. | I36: Valor s/BDI
B37: MEIO FIO 6X30X100 (RETO) COM FORNECIMENTO DO MATERIAL | C37: Meio Fio Tipo 2 (reto) 6x6x30 | D37: 1.005 | E37: M | F37: 25 | G37: MERCADO | H37: MPA008 | I37: 25.13
B38: SERVENTE COM ENCARGOS COMPLEMENTARES | C38: Servente, com engargos complementares | D38: 0.194 | E38: H | F38: 21.48 | G38: SINAPI-C | H38: 88316 | I38: 4.17
B39: PEDREIRO COM ENCARGOS COMPLEMENTARES | C39: Pedreiro, com engargos complementares | D39: 0.194 | E39: H | F39: 31.3 | G39: SINAPI-C | H39: 88309 | I39: 6.07
B40: AREIA MEDIA - POSTO JAZIDA/FORNECEDOR (RETIRADO NA JAZIDA, SEM TRANSPORTE) | C40: Areia Media | D40: 0.001292 | E40: M3 | F40: 150 | G40: SINAPI-I | H40: 370 | I40: 0.19
B41: ARGAMASSA TRAÇO 1:3 (EM VOLUME DE CIMENTO E AREIA MÉDIA ÚMIDA), PREPARO MANUAL. AF_08/2019 | C41: Argamassa cimento/areia 1:3 preparo manual | D41: 0.000369 | E41: M3 | F41: 721.28 | G41: SINAPI-C | H41: 88629 | I41: 0.27
H42: ∑ | I42: 35.83
B44: Descrição | H44: Uni. | I44: Cód.
B45: PAVIMENTACAO EM BLOCOS INTERTRAVADOS DE CONCRETO (PAVER VERMELHO PODOTATIL), ESPESSURA 6,0 CM, FCK 35MPA, ASSENTADOS SOBRE AREIA MÉDIA E=5CM, REJUNTAMENTO COM AGREGADO DE GRANULOMETRIA MÉDIA E=0,5CM,PARA ALERTA E DIRECIONAL COM FORNECIMENTO DE MATERIAIS E COLOCAÇÃO | H45: M2 | I45: CPA012
B46: Serviço/Insumo | C46: Descrição do Serviço/Insumo | D46: Coefi. | E46: Uni. | F46: Valor uni. | G46: Fonte | H46: Cód. | I46: Valor s/BDI
B47: CALCETEIRO COM ENCARGOS COMPLEMENTARES | C47: Calceteiro com encargos complementares | D47: 0.2703 | E47: H | F47: 31.03 | G47: SINAPI-C | H47: 88260 | I47: 8.39
B48: SERVENTE COM ENCARGOS COMPLEMENTARES | C48: Servente, com engargos complementares | D48: 0.2703 | E48: H | F48: 21.48 | G48: SINAPI-C | H48: 88316 | I48: 5.81
B49: PO DE PEDRA (POSTO PEDREIRA/FORNECEDOR, SEM FRETE) | C49: Agregado de granulometria média para rejuntamento | D49: 0.005 | E49: M3 | F49: 96.31 | G49: SINAPI-I | H49: 4741 | I49: 0.48
B50: PLACA VIBRATÓRIA REVERSÍVEL COM MOTOR 4 TEMPOS A GASOLINA, FORÇA CENTRÍFUGA DE 25 KN (2500 KGF), POTÊNCIA 5,5 CV - CHP DIURNO. AF_08/2015 | C50: placa vibratória reversível com motor 4 tempos a gasolina, força centrífuga de 25 kn (2500 kgf), potência 5,5 cv - chp diurno. af_08/2015 | D50: 0.0055 | E50: CHP | F50: 8.61 | G50: SINAPI-C | H50: 91277 | I50: 0.05
B51: PLACA VIBRATÓRIA REVERSÍVEL COM MOTOR 4 TEMPOS A GASOLINA, FORÇA CENTRÍFUGA DE 25 KN (2500 KGF), POTÊNCIA 5,5 CV - CHI DIURNO. AF_08/2015 | C51: placa vibratória reversível com motor 4 tempos a gasolina, força centrífuga de 25 kn (2500 kgf), potência 5,5 cv - chi diurno. af_08/2015 | D51: 0.1297 | E51: CHI | F51: 0.57 | G51: SINAPI-C | H51: 91278 | I51: 0.07
B52: CORTADORA DE PISO COM MOTOR 4 TEMPOS A GASOLINA, POTÊNCIA DE 13 HP, COM DISCO DE CORTE DIAMANTADO SEGMENTADO PARA CONCRETO, DIÂMETRO DE 350 MM, FURO DE 1" (14 X 1") - CHP DIURNO. AF_08/2015 | C52: cortadora de piso com motor 4 tempos a gasolina, potência de 13 hp, com disco de corte diamantado segmentado para concreto, diâmetro de 350 mm, furo de 1" (14 x 1") - chp diurno. af_08/2015 | D52: 0.0135 | E52: CHP | F52: 9.26 | G52: SINAPI-C | H52: 91283 | I52: 0.13
B53: CORTADORA DE PISO COM MOTOR 4 TEMPOS A GASOLINA, POTÊNCIA DE 13 HP, COM DISCO DE CORTE DIAMANTADO SEGMENTADO PARA CONCRETO, DIÂMETRO DE 350 MM, FURO DE 1" (14 X 1") - CHI DIURNO. AF_08/2015 | C53: cortadora de piso com motor 4 tempos a gasolina, potência de 13 hp, com disco de corte diamantado segmentado para concreto, diâmetro de 350 mm, furo de 1" (14 x 1") - chi diurno. af_08/2015 | D53: 0.1217 | E53: CHI | F53: 0.84 | G53: SINAPI-C | H53: 91285 | I53: 0.1
B54: AREIA MEDIA - POSTO JAZIDA/FORNECEDOR (RETIRADO NA JAZIDA, SEM TRANSPORTE) | C54: Areia média para assentamento | D54: 0.0568 | E54: M3 | F54: 150 | G54: SINAPI-I | H54: 370 | I54: 8.52
B55: PODOTATIL DE PAVER 20X20X6 35Mpa COM FORNECIMENTO DO MATERIAL | C55: Bloquete/piso intertravado de concreto - modelo retangular, 20 cm x 20 cm, e = 6 cm, resistencia de 35 mpa (nbr 9781), colorido PODOTÁTIL, posto no local | D55: 1.0131 | E55: M2 | F55: 68.22 | G55: MERCADO | H55: MPA018 | I55: 69.11
H56: ∑ | I56: 92.66
B58: Descrição | H58: Uni. | I58: Cód.
B59: ASSENTAMENTO DE TUBO DE CONCRETO DN 400MM REJUNTADOS COM ARGAMASSA | H59: M | I59: CPA072
B60: Serviço/Insumo | C60: Descrição do Serviço/Insumo | D60: Coefi. | E60: Uni. | F60: Valor uni. | G60: Fonte | H60: Cód. | I60: Valor s/BDI
B61: RETROESCAVADEIRA SOBRE RODAS COM CARREGADEIRA, TRAÇÃO 4X2, POTÊNCIA LÍQ. 79 HP, CAÇAMBA CARREG. CAP. MÍN. 1 M3, CAÇAMBA RETRO CAP. 0,20 M3, PESO OPERACIONAL MÍN. 6.570 KG, PROFUNDIDADE ESCAVAÇÃO MÁX. 4,37 M - CHP DIURNO. AF_06/2014 | C61: Retroescavadeira sobre rodas | D61: 0.0481 | E61: CHP | F61: 132.6 | G61: SINAPI-C | H61: 5680 | I61: 6.38
B62: RETROESCAVADEIRA SOBRE RODAS COM CARREGADEIRA, TRAÇÃO 4X2, POTÊNCIA LÍQ. 79 HP, CAÇAMBA CARREG. CAP. MÍN. 1 M3, CAÇAMBA RETRO CAP. 0,20 M3, PESO OPERACIONAL MÍN. 6.570 KG, PROFUNDIDADE ESCAVAÇÃO MÁX. 4,37 M - CHI DIURNO. AF_06/2014 | C62: Retroescavadeira sobre rodas | D62: 0.10075 | E62: CHI | F62: 56.38 | G62: SINAPI-C | H62: 5681 | I62: 5.68
B63: ASSENTADOR DE TUBOS COM ENCARGOS COMPLEMENTARES | C63: Assentador de tubos, com encargos complementares | D63: 0.14885 | E63: H | F63: 25.85 | G63: SINAPI-C | H63: 88246 | I63: 3.85
B64: SERVENTE COM ENCARGOS COMPLEMENTARES | C64: Servente, com encargos complementares | D64: 0.14885 | E64: H | F64: 21.48 | G64: SINAPI-C | H64: 88316 | I64: 3.2
B65: ARGAMASSA TRAÇO 1:3 (EM VOLUME DE CIMENTO E AREIA MÉDIA ÚMIDA), PREPARO MANUAL. AF_08/2019 | C65: Argamassa traço 1:3 (cimento e areia média) com preparo manual | D65: 0.002 | E65: M3 | F65: 721.28 | G65: SINAPI-C | H65: 88629 | I65: 1.44
H66: ∑ | I66: 20.55
B68: Descrição | H68: Uni. | I68: Cód.
B69: ASSENTAMENTO DE TUBO DE CONCRETO DN 500MM REJUNTADOS COM ARGAMASSA | H69: M | I69: CPA073
B70: Serviço/Insumo | C70: Descrição do Serviço/Insumo | D70: Coefi. | E70: Uni. | F70: Valor uni. | G70: Fonte | H70: Cód. | I70: Valor s/BDI
B71: RETROESCAVADEIRA SOBRE RODAS COM CARREGADEIRA, TRAÇÃO 4X2, POTÊNCIA LÍQ. 79 HP, CAÇAMBA CARREG. CAP. MÍN. 1 M3, CAÇAMBA RETRO CAP. 0,20 M3, PESO OPERACIONAL MÍN. 6.570 KG, PROFUNDIDADE ESCAVAÇÃO MÁX. 4,37 M - CHP DIURNO. AF_06/2014 | C71: Retroescavadeira sobre rodas | D71: 0.05785 | E71: CHP | F71: 132.6 | G71: SINAPI-C | H71: 5680 | I71: 7.67
B72: RETROESCAVADEIRA SOBRE RODAS COM CARREGADEIRA, TRAÇÃO 4X2, POTÊNCIA LÍQ. 79 HP, CAÇAMBA CARREG. CAP. MÍN. 1 M3, CAÇAMBA RETRO CAP. 0,20 M3, PESO OPERACIONAL MÍN. 6.570 KG, PROFUNDIDADE ESCAVAÇÃO MÁX. 4,37 M - CHI DIURNO. AF_06/2014 | C72: Retroescavadeira sobre rodas | D72: 0.1222 | E72: CHI | F72: 56.38 | G72: SINAPI-C | H72: 5681 | I72: 6.89
B73: ASSENTADOR DE TUBOS COM ENCARGOS COMPLEMENTARES | C73: Assentador de tubos, com encargos complementares | D73: 0.18005 | E73: H | F73: 25.85 | G73: SINAPI-C | H73: 88246 | I73: 4.65
B74: SERVENTE COM ENCARGOS COMPLEMENTARES | C74: Servente, com encargos complementares | D74: 0.18005 | E74: H | F74: 21.48 | G74: SINAPI-C | H74: 88316 | I74: 3.87
B75: ARGAMASSA TRAÇO 1:3 (EM VOLUME DE CIMENTO E AREIA MÉDIA ÚMIDA), PREPARO MANUAL. AF_08/2019 | C75: Argamassa traço 1:3 (cimento e areia média) com preparo manual | D75: 0.003 | E75: M3 | F75: 721.28 | G75: SINAPI-C | H75: 88629 | I75: 2.16
H76: ∑ | I76: 25.24
B78: Descrição | H78: Uni. | I78: Cód.
B79: CAIXA DE JUNÇÃO EM BLOCO DE CONCRETO P/ TUBOS DE DN 400MM, INCLUINDO MATERIAIS E SERVIÇO | H79: UN | I79: CPA080
B80: Serviço/Insumo | C80: Descrição do Serviço/Insumo | D80: Coefi. | E80: Uni. | F80: Valor uni. | G80: Fonte | H80: Cód. | I80: Valor s/BDI
B81: ALVENARIA DE VEDAÇÃO DE BLOCOS VAZADOS DE CONCRETO DE 14X19X39 CM (ESPESSURA 14 CM) E ARGAMASSA DE ASSENTAMENTO COM PREPARO EM BETONEIRA. AF_12/2021 | C81: Alvenaria de blocos de concreto estrutural 14x19x39cm, espessura 14cm, assentados com argamassa traco 1:0,25:4 (cimento, cal e areia) | D81: 1.351689 | E81: M2 | F81: 104.77 | G81: SINAPI-C | H81: 103318 | I81: 141.62
B82: CHAPISCO APLICADO EM ALVENARIAS E ESTRUTURAS DE CONCRETO INTERNAS, COM COLHER DE PEDREIRO. ARGAMASSA TRAÇO 1:3 COM PREPARO MANUAL. AF_10/2022 | C82: Chapisco traço 1:4 (cimento e areia media), espessura 0,5cm, preparo manual da argamassa | D82: 1.351689 | E82: M2 | F82: 5.29 | G82: SINAPI-C | H82: 87878 | I82: 7.15
B83: EMBOÇO, PARA RECEBIMENTO DE CERÂMICA, EM ARGAMASSA TRAÇO 1:2:8, PREPARO MECÂNICO COM BETONEIRA 400L, APLICADO MANUALMENTE EM FACES INTERNAS DE PAREDES, PARA AMBIENTE COM ÁREA MENOR QUE 5M2, ESPESSURA DE 10MM, COM EXECUÇÃO DE TALISCAS. AF_06/2014 | C83: Reboco argamassa traço 1:2 (cal e areia fina), espessura 0,5cm, preparo mecânico da argamassa | D83: 1.351689 | E83: M2 | F83: 31.11 | G83: SINAPI-C | H83: 87545 | I83: 42.05
B84: CONCRETO MAGRO - CONFECÇÃO EM BETONEIRA E LANÇAMENTO MANUAL - AREIA E BRITA COMERCIAIS | C84: Concreto magro fck=15Mpa, incluido preparo mecanico, lancamento adensamento para preenchimento dos blocos | D84: 0.108135 | E84: M³ | F84: 434.38 | G84: SICRO-C | H84: 1106057 | I84: 46.97
B85: COMPOSIÇÃO PARAMÉTRICA PARA EXECUÇÃO DE ESCADA EM CONCRETO ARMADO, MOLDADA IN LOCO, FCK = 25 MPA. AF_11/2022 | C85: Concreto armado fck 25 Mpa incl mat, preparo , formas e escoramento, mao de obra p/corte dobragem montagem das formas e preparo e lanc. do concreto | D85: 0.09216 | E85: M3 | F85: 4163.14 | G85: SINAPI-C | H85: 104489 | I85: 383.67
B86: CONCRETO MAGRO - CONFECÇÃO EM BETONEIRA E LANÇAMENTO MANUAL - AREIA E BRITA COMERCIAIS | C86: Concreto magro fck=15Mpa, incluido preparo mecanico, lancamento adensamento | D86: 0.09216 | E86: M³ | F86: 434.38 | G86: SICRO-C | H86: 1106057 | I86: 40.03
H87: ∑ | I87: 661.49
B89: Descrição | H89: Uni. | I89: Cód.
B90: CAIXA DE JUNÇÃO EM BLOCO DE CONCRETO P/ TUBOS DE DN 500MM, INCLUINDO MATERIAIS E SERVIÇO | H90: UN | I90: CPA081
B91: Serviço/Insumo | C91: Descrição do Serviço/Insumo | D91: Coefi. | E91: Uni. | F91: Valor uni. | G91: Fonte | H91: Cód. | I91: Valor s/BDI
B92: ALVENARIA DE VEDAÇÃO DE BLOCOS VAZADOS DE CONCRETO DE 14X19X39 CM (ESPESSURA 14 CM) E ARGAMASSA DE ASSENTAMENTO COM PREPARO EM BETONEIRA. AF_12/2021 | C92: Alvenaria de blocos de concreto estrutural 14x19x39cm, espessura 14cm, assentados com argamassa traco 1:0,25:4 (cimento, cal e areia) | D92: 1.834513 | E92: M2 | F92: 104.77 | G92: SINAPI-C | H92: 103318 | I92: 192.2
B93: CHAPISCO APLICADO EM ALVENARIAS E ESTRUTURAS DE CONCRETO INTERNAS, COM COLHER DE PEDREIRO. ARGAMASSA TRAÇO 1:3 COM PREPARO MANUAL. AF_10/2022 | C93: Chapisco traço 1:4 (cimento e areia media), espessura 0,5cm, preparo manual da argamassa | D93: 1.834513 | E93: M2 | F93: 5.29 | G93: SINAPI-C | H93: 87878 | I93: 9.7
B94: EMBOÇO, PARA RECEBIMENTO DE CERÂMICA, EM ARGAMASSA TRAÇO 1:2:8, PREPARO MECÂNICO COM BETONEIRA 400L, APLICADO MANUALMENTE EM FACES INTERNAS DE PAREDES, PARA AMBIENTE COM ÁREA MENOR QUE 5M2, ESPESSURA DE 10MM, COM EXECUÇÃO DE TALISCAS. AF_06/2014 | C94: Reboco argamassa traço 1:2 (cal e areia fina), espessura 0,5cm, preparo mecânico da argamassa | D94: 1.834513 | E94: M2 | F94: 31.11 | G94: SINAPI-C | H94: 87545 | I94: 57.07
B95: CONCRETO MAGRO - CONFECÇÃO EM BETONEIRA E LANÇAMENTO MANUAL - AREIA E BRITA COMERCIAIS | C95: Concreto magro fck=15Mpa, incluido preparo mecanico, lancamento adensamento para preenchimento dos blocos | D95: 0.146761 | E95: M³ | F95: 434.38 | G95: SICRO-C | H95: 1106057 | I95: 63.75
B96: COMPOSIÇÃO PARAMÉTRICA PARA EXECUÇÃO DE ESCADA EM CONCRETO ARMADO, MOLDADA IN LOCO, FCK = 25 MPA. AF_11/2022 | C96: Concreto armado fck 25 Mpa incl mat, preparo , formas e escoramento, mao de obra p/corte dobragem montagem das formas e preparo e lanc. do concreto | D96: 0.11664 | E96: M3 | F96: 4163.14 | G96: SINAPI-C | H96: 104489 | I96: 485.59
B97: CONCRETO MAGRO - CONFECÇÃO EM BETONEIRA E LANÇAMENTO MANUAL - AREIA E BRITA COMERCIAIS | C97: Concreto magro fck=15Mpa, incluido preparo mecanico, lancamento adensamento | D97: 0.11664 | E97: M³ | F97: 434.38 | G97: SICRO-C | H97: 1106057 | I97: 50.67
H98: ∑ | I98: 858.98
B100: Descrição | H100: Uni. | I100: Cód.
B101: PLACA DE REGULAMENTAÇÃO E OU ADVERTENCIA VERTICAL: REDONDA (Ø 50CM) COM CHAPA DE AÇO E POSTE EM AÇO GALVANIZADO, CHUMBADA EM SAPATA DE CONCRETO | H101: UN | I101: CPA093
B102: Serviço/Insumo | C102: Descrição do Serviço/Insumo | D102: Coefi. | E102: Uni. | F102: Valor uni. | G102: Fonte | H102: Cód. | I102: Valor s/BDI
B103: PARAFUSO DE FERRO POLIDO, SEXTAVADO, COM ROSCA INTEIRA, DIAMETRO 5/16", COMPRIMENTO 3/4", COM PORCA E ARRUELA LISA LEVE | C103: Parafuso de ferro galvanizado, sextavado, com rosca interna, acompanha porca e arruela | D103: 4 | E103: UN | F103: 0.71 | G103: SINAPI-I | H103: 13246 | I103: 2.84
B104: PLACA DE SINALIZACAO EM CHAPA DE ACO NUM 16 COM PINTURA REFLETIVA | C104: Placa de Sinalização em chapa de aço, com pintura totalmente refletiva | D104: 0.19635 | E104: M2 | F104: 635.25 | G104: SINAPI-I | H104: 34723 | I104: 124.73
B105: BARRA DE ACO CHATO, RETANGULAR, 25,4 MM X 4,76 MM (L X E), 1,73 KG/M | C105: Barra de ferro galvanizado, barra chata, 1" x 3/16" (l x e) | D105: 0.35 | E105: M | F105: 17.9 | G105: SINAPI-I | H105: 565 | I105: 6.27
B106: SERVENTE COM ENCARGOS COMPLEMENTARES | C106: Servente, com engargos complementares | D106: 1.5 | E106: H | F106: 21.48 | G106: SINAPI-C | H106: 88316 | I106: 32.22
B107: SERRALHEIRO COM ENCARGOS COMPLEMENTARES | C107: Serralheiro, com engargos complementares | D107: 0.5 | E107: H | F107: 31.03 | G107: SINAPI-C | H107: 88315 | I107: 15.52
B108: TUBO ACO GALVANIZADO COM COSTURA, CLASSE MEDIA, DN 2", E = *3,65* MM, PESO *5,10* KG/M (NBR 5580) | C108: Poste de aço h=3,05m d=2"pol | D108: 3.05 | E108: M | F108: 80.81 | G108: SINAPI-I | H108: 7696 | I108: 246.47
B109: CONCRETO FCK = 15MPA, TRAÇO 1:3,4:3,5 (EM MASSA SECA DE CIMENTO/ AREIA MÉDIA/ BRITA 1) - PREPARO MECÂNICO COM BETONEIRA 400 L. AF_05/2021 | C109: Concreto magro para base do poste c/ lançamento e adensamento | D109: 0.054 | E109: M3 | F109: 476.68 | G109: SINAPI-C | H109: 94963 | I109: 25.74
H110: ∑ | I110: 453.79
B112: Descrição | H112: Uni. | I112: Cód.
B113: PLACA DE REGULAMENTAÇÃO E OU ADVERTENCIA VERTICAL: QUADRADA (45X45CM) COM CHAPA DE AÇO E POSTE EM AÇO GALVANIZADO, CHUMBADA EM SAPATA DE CONCRETO | H113: UN | I113: CPA094
...

Sheet Mob e Desmob
B4: Descrição | K4: Uni. | L4: Cód.
B5: MOBILIZAÇÃO DE EQUIPAMENTOS PARA OBRAS DE PAVIMENTAÇÃO ASFÁLTICA | K5: VB | L5: CPA153
B6: Item | C6: Equipamentos a serem transportados | D6: Equipamento que fará o transporte | E6: DMT entre origem e destino | F6: DMT total das viagens | G6: Tempo de transporte (Vel. Média 60Km/h) | H6: Uni. | I6: Valor uni. | J6: Fonte | K6: Cód. | L6: Valor s/BDI
B7: 1 | C7: EQUIPAMENTOS DE GRANDE PORTE
B8: 1.1 | C8: Trator de Esteiras | D8: CAVALO MECÂNICO COM SEMIRREBOQUE COM CAPACIDADE DE 22 T - 240 KW | E8: 26 | F8: 52 | G8: 0.866667 | H8: CHP | I8: 405.87 | J8: SICRO-E | K8: E9665 | L8: 351.75
B9: 1.2 | C9: Motoniveladora | D9: CAVALO MECÂNICO COM SEMIRREBOQUE COM CAPACIDADE DE 22 T - 240 KW | E9: 26 | F9: 52 | G9: 0.866667 | H9: CHP | I9: 405.87 | J9: SICRO-E | K9: E9665 | L9: 351.75
B10: 1.3 | C10: Retroescavadeira | D10: CAVALO MECÂNICO COM SEMIRREBOQUE COM CAPACIDADE DE 22 T - 240 KW | E10: 26 | F10: 52 | G10: 0.866667 | H10: CHP | I10: 405.87 | J10: SICRO-E | K10: E9665 | L10: 351.75
B11: 1.4 | C11: Esvadeira Hidraulica | D11: CAVALO MECÂNICO COM SEMIRREBOQUE COM CAPACIDADE DE 22 T - 240 KW | E11: 26 | F11: 52 | G11: 0.866667 | H11: CHP | I11: 405.87 | J11: SICRO-E | K11: E9665 | L11: 351.75
B12: 1.5 | C12: Carregadeira de Pneus | D12: CAVALO MECÂNICO COM SEMIRREBOQUE COM CAPACIDADE DE 22 T - 240 KW | E12: 26 | F12: 52 | G12: 0.866667 | H12: CHP | I12: 405.87 | J12: SICRO-E | K12: E9665 | L12: 351.75
B13: 1.6 | C13: Rolo Compactador Vibratório | D13: CAVALO MECÂNICO COM SEMIRREBOQUE COM CAPACIDADE DE 22 T - 240 KW | E13: 26 | F13: 52 | G13: 0.866667 | H13: CHP | I13: 405.87 | J13: SICRO-E | K13: E9665 | L13: 351.75
B14: 1.7 | C14: Rolo Compactador de Pneus | D14: CAVALO MECÂNICO COM SEMIRREBOQUE COM CAPACIDADE DE 22 T - 240 KW | E14: 26 | F14: 52 | G14: 0.866667 | H14: CHP | I14: 405.87 | J14: SICRO-E | K14: E9665 | L14: 351.75
B15: 1.8 | C15: Vibroacabadora | D15: CAVALO MECÂNICO COM SEMIRREBOQUE COM CAPACIDADE DE 22 T - 240 KW | E15: 26 | F15: 52 | G15: 0.866667 | H15: CHP | I15: 405.87 | J15: SICRO-E | K15: E9665 | L15: 351.75
B16: 1.9 | C16: Fresadora | D16: CAVALO MECÂNICO COM SEMIRREBOQUE COM CAPACIDADE DE 22 T - 240 KW | E16: 26 | F16: 52 | G16: 0.866667 | H16: CHP | I16: 405.87 | J16: SICRO-E | K16: E9665 | L16: 351.75
B17: 2 | C17: EQUIPAMENTOS COMUNS
B18: 2.1 | C18: Caminhão Tanque distribuidor de asfalto com espargidor | D18: CAMINHÃO TANQUE DISTRIBUIDOR DE ASFALTO COM CAPACIDADE DE 6.000 L - 7 KW/136 KW | E18: 26 | F18: 26 | G18: 0.433333 | H18: CHP | I18: 281.67 | J18: SICRO-E | K18: E9509 | L18: 122.06
B19: 2.2 | C19: Caminhão Basculante | D19: CAMINHÃO BASCULANTE COM CAPACIDADE DE 6 M³ - 136 KW | E19: 26 | F19: 26 | G19: 0.433333 | H19: CHP | I19: 192.69 | J19: SICRO-E | K19: E9506 | L19: 83.5
B20: 2.3 | C20: Caminhão Pipa | D20: CAMINHÃO TANQUE COM CAPACIDADE DE 10.000 L - 188 KW | E20: 26 | F20: 26 | G20: 0.433333 | H20: CHP | I20: 352.99 | J20: SICRO-E | K20: E9571 | L20: 152.96
B21: 2.4 | C21: Caminhão demarcador de faixas com sistema de pintura a frio | D21: CAMINHÃO DEMARCADOR DE FAIXAS COM SISTEMA DE PINTURA A FRIO - 28 KW/115 KW | E21: 26 | F21: 26 | G21: 0.433333 | H21: CHP | I21: 390.59 | J21: SICRO-E | K21: E9644 | L21: 169.26
K22: ∑ | L22: 3693.53
B24: Descrição | K24: Uni. | L24: Cód.
B25: DESMOBILIZAÇÃO DE EQUIPAMENTOS PARA OBRAS DE PAVIMENTAÇÃO ASFÁLTICA | K25: VB | L25: CPA154
B26: Item | C26: Equipamentos a serem transportados | D26: Equipamento que fará o transporte | E26: DMT entre origem e destino | F26: DMT total das viagens | G26: Tempo de transporte (Vel. Média 60Km/h) | H26: Uni. | I26: Valor uni. | J26: Fonte | K26: Cód. | L26: Valor s/BDI
B27: 1 | C27: EQUIPAMENTOS DE GRANDE PORTE
B28: 1.1 | C28: Trator de Esteiras | D28: CAVALO MECÂNICO COM SEMIRREBOQUE COM CAPACIDADE DE 22 T - 240 KW | E28: 26 | F28: 52 | G28: 0.866667 | H28: CHP | I28: 405.87 | J28: SICRO-E | K28: E9665 | L28: 351.75
B29: 1.2 | C29: Motoniveladora | D29: CAVALO MECÂNICO COM SEMIRREBOQUE COM CAPACIDADE DE 22 T - 240 KW | E29: 26 | F29: 52 | G29: 0.866667 | H29: CHP | I29: 405.87 | J29: SICRO-E | K29: E9665 | L29: 351.75
B30: 1.3 | C30: Retroescavadeira | D30: CAVALO MECÂNICO COM SEMIRREBOQUE COM CAPACIDADE DE 22 T - 240 KW | E30: 26 | F30: 52 | G30: 0.866667 | H30: CHP | I30: 405.87 | J30: SICRO-E | K30: E9665 | L30: 351.75
B31: 1.4 | C31: Esvadeira Hidraulica | D31: CAVALO MECÂNICO COM SEMIRREBOQUE COM CAPACIDADE DE 22 T - 240 KW | E31: 26 | F31: 52 | G31: 0.866667 | H31: CHP | I31: 405.87 | J31: SICRO-E | K31: E9665 | L31: 351.75
B32: 1.5 | C32: Carregadeira de Pneus | D32: CAVALO MECÂNICO COM SEMIRREBOQUE COM CAPACIDADE DE 22 T - 240 KW | E32: 26 | F32: 52 | G32: 0.866667 | H32: CHP | I32: 405.87 | J32: SICRO-E | K32: E9665 | L32: 351.75
B33: 1.6 | C33: Rolo Compactador Vibratório | D33: CAVALO MECÂNICO COM SEMIRREBOQUE COM CAPACIDADE DE 22 T - 240 KW | E33: 26 | F33: 52 | G33: 0.866667 | H33: CHP | I33: 405.87 | J33: SICRO-E | K33: E9665 | L33: 351.75
B34: 1.7 | C34: Rolo Compactador de Pneus | D34: CAVALO MECÂNICO COM SEMIRREBOQUE COM CAPACIDADE DE 22 T - 240 KW | E34: 26 | F34: 52 | G34: 0.866667 | H34: CHP | I34: 405.87 | J34: SICRO-E | K34: E9665 | L34: 351.75
B35: 1.8 | C35: Vibroacabadora | D35: CAVALO MECÂNICO COM SEMIRREBOQUE COM CAPACIDADE DE 22 T - 240 KW | E35: 26 | F35: 52 | G35: 0.866667 | H35: CHP | I35: 405.87 | J35: SICRO-E | K35: E9665 | L35: 351.75
B36: 1.9 | C36: Fresadora | D36: CAVALO MECÂNICO COM SEMIRREBOQUE COM CAPACIDADE DE 22 T - 240 KW | E36: 26 | F36: 52 | G36: 0.866667 | H36: CHP | I36: 405.87 | J36: SICRO-E | K36: E9665 | L36: 351.75
B37: 2 | C37: EQUIPAMENTOS COMUNS
B38: 2.1 | C38: Caminhão Tanque distribuidor de asfalto com espargidor | D38: CAMINHÃO TANQUE DISTRIBUIDOR DE ASFALTO COM CAPACIDADE DE 6.000 L - 7 KW/136 KW | E38: 26 | F38: 26 | G38: 0.433333 | H38: CHP | I38: 281.67 | J38: SICRO-E | K38: E9509 | L38: 122.06
B39: 2.2 | C39: Caminhão Basculante | D39: CAMINHÃO BASCULANTE COM CAPACIDADE DE 6 M³ - 136 KW | E39: 26 | F39: 26 | G39: 0.433333 | H39: CHP | I39: 192.69 | J39: SICRO-E | K39: E9506 | L39: 83.5
B40: 2.3 | C40: Caminhão Pipa | D40: CAMINHÃO TANQUE COM CAPACIDADE DE 10.000 L - 188 KW | E40: 26 | F40: 26 | G40: 0.433333 | H40: CHP | I40: 352.99 | J40: SICRO-E | K40: E9571 | L40: 152.96
B41: 2.4 | C41: Caminhão demarcador de faixas com sistema de pintura a frio | D41: CAMINHÃO DEMARCADOR DE FAIXAS COM SISTEMA DE PINTURA A FRIO - 28 KW/115 KW | E41: 26 | F41: 26 | G41: 0.433333 | H41: CHP | I41: 390.59 | J41: SICRO-E | K41: E9644 | L41: 169.26
K42: ∑ | L42: 3693.53
B47: DECLARAÇÃO:
B49: O autor do orçamento se responsabiliza pelas composições apresentadas com seus respectivos valores e coeficientes. | J49: RAFAEL GÜNTER MÜLLER Engenheiro Civil - CREA/SC 127855-2
J51: Rio do Sul, 28 de março de 2023

Sheet Quantitativo
A4: 1 | B4: ADMINISTRAÇÃO LOCAL
A5: ITEM | B5: SERVIÇO/INSUMO | C5: DESCRIÇÃO DO SERVIÇO/INSUMO | D5: DESCRIÇÃO DO CÁLCULO | I5: Unidade
A6: 1.1 | B6: ADMINISTRAÇÃO LOCAL | C6: Composição obtida através do cronograma de obra, dentro dos parametros do Acórdão 2622/2013 TCU | D6: Custo estimado da administração local para a obra | I6: 1
A7: 3 | B7: SERVIÇOS INICIAIS
A8: ITEM | B8: SERVIÇO/INSUMO | C8: DESCRIÇÃO DO SERVIÇO/INSUMO | D8: DESCRIÇÃO DO CÁLCULO | E8: Fator de empolamento | F8: Comprimento (m) | G8: Espessura (m) | H8: Área (m²) | I8: Volume (m³)
A9: 3.3 | B9: SERVICOS TOPOGRAFICOS PARA PAVIMENTACAO, INCLUSIVE NOTA DE SERVICOS, ACOMPANHAMENTO E GREIDE | C9: Locação da obra com uso de equipamentos topográficos, inclusive topógrafo | D9: Somatório das àreas de pavimentação | H9: 27000
A10: 3.6 | B10: =orcamento!C18 -> REMOÇÃO MECANIZADA DE REVESTIMENTO ASFÁLTICO | C10: Remoção de pavimento asfáltico sem transporte | D10: Somatório das áreas de pavimento a serem removidos | G10: 0.05 | H10: 20000 | I10: =G10*H10 -> 1000
E11: Fator de empolamento | F11: DMT (km) | G11: Volume (m³) | I11: Volume (m³xKm)
A12: 3.10 | B12: TRANSPORTE COM CAMINHÃO BASCULANTE DE 6 M³, EM VIA URBANA PAVIMENTADA, DMT ATÉ 30 KM (UNIDADE: M3XKM). AF_07/2020 | C12: Transporte do volume proveniente da remoção de pavimentos existentes para bota fora, empolado em 50% (DMT 3Km) | D12: Volume proveniente da remoção de pavimentos existentes x coeficiente de empolamento x DMT | E12: 1.5 | F12: 3 | G12: =G10*H10 -> 1000 | I12: =E12*F12*G12 -> 4500
E13: Fator de empolamento | F13: Comprimento (m) | G13: Espessura (m) | H13: Área (m²) | I13: Volume (m³)
A14: 3.11 | B14: =orcamento!C20 -> DEMOLIÇÃO DE PAVIMENTO INTERTRAVADO, DE FORMA MANUAL, COM REAPROVEITAMENTO | C14: Remoção de pavimento asfáltico com as camadas sem transporte | D14: Somatório das áreas de pavimento a serem removidos | F14: 2800 | G14: 1.5 | H14: =F14*G14 -> 4200
E15: Fator de empolamento | F15: DMT (km) | G15: Volume (m³) | I15: Volume (m³xKm)
A16: 3.12 | B16: TRANSPORTE COM CAMINHÃO BASCULANTE DE 6 M³, EM VIA URBANA PAVIMENTADA, DMT ATÉ 30 KM (UNIDADE: M3XKM). AF_07/2020 | C16: Transporte do volume proveniente da remoção de pavimento asfáltico existente para bota fora, empolado em 50% (DMT 3Km) | D16: Volume proveniente da remoção de pavimento com camadas x coeficiente de empolamento x DMT | F16: 3 | G16: =H14*0.06 -> 252 | I16: =F16*G16 -> 756
A17: 4 | B17: TERRAPLANAGEM
A18: ITEM | B18: SERVIÇO/INSUMO | C18: DESCRIÇÃO DO SERVIÇO/INSUMO | D18: DESCRIÇÃO DO CÁLCULO | E18: Fator de empolamento | F18: Comprimento (m) | G18: Espessura (m) | H18: Área (m²) | I18: Volume (m³)
A19: 4.1 | B19: ESCAVAÇÃO HORIZONTAL, INCLUINDO CARGA E DESCARGA EM SOLO DE 1A CATEGORIA COM TRATOR DE ESTEIRAS (170HP/LÂMINA: 5,20M3). AF_07/2020 | C19: Escavação, carga e descarga de material de 1º cat. para execução dos taludes e do subleito | D19: Volume retirado das seções transversais do projeto através do lançamento no software Civil 3D - volume de remoção pavimento asfáltico existente | G19: 0.5 | H19: 20000 | I19: =G19*H19 -> 10000
E20: Fator de empolamento | F20: DMT (km) | G20: Volume (m³) | I20: Volume (m³xKm)
A21: 4.2 | B21: TRANSPORTE COM CAMINHÃO BASCULANTE DE 6 M³, EM VIA URBANA PAVIMENTADA, DMT ATÉ 30 KM (UNIDADE: M3XKM). AF_07/2020 | C21: Transporte do volume proveniente da escavação e carga do material para execução dos taludes e subleito para bota fora, empolado em 25% (DMT 3Km) | D21: volume de escavação - volume de aterro x coeficiente de empolamento x DMT | E21: 1.25 | F21: 3 | G21: =I19 -> 10000 | I21: =E21*F21*G21 -> 37500
A22: 6 | B22: PAVIMENTAÇÃO
A23: 6.1 | B23: CAMADAS CONSTITUINTES DO PAVIMENTO
A24: ITEM | B24: SERVIÇO/INSUMO | C24: DESCRIÇÃO DO SERVIÇO/INSUMO | D24: DESCRIÇÃO DO CÁLCULO | E24: Comprimento da pista (km) | F24: Número de pistas | G24: Comprimento total (km) | H24: Área (m²) | I24: Volume (m³)
A25: 6.1.1 | B25: REGULARIZAÇÃO E COMPACTAÇÃO DE SUBLEITO DE SOLO PREDOMINANTEMENTE ARGILOSO. AF_11/2019 | C25: Regularização e compactação de subleito com uso de motoniveladora, caminhão pipa e rolo compactador vibratório pé de carneiro, incluindo operador | D25: Área de pavimentação retirada em AutoCad | H25: 20000
A26: ITEM | B26: SERVIÇO/INSUMO | C26: DESCRIÇÃO DO SERVIÇO/INSUMO | D26: DESCRIÇÃO DO CÁLCULO | E26: Perímetro da pista (m) | F26: Largura para trabalhabilidade (m) | G26: Área da pavimentação (m2) | H26: Espessura (m) | I26: Volume (m³)
A27: 6.1.2 | B27: EXECUÇÃO E COMPACTAÇÃO DE BASE E OU SUB BASE COM MACADAME SECO (COM TRANSPORTE) | C27: Camada de macadame seco e=25cm, com uso de caminhão basculante, pá carregadeira ou distribuidor de agregados, rolo compactador tanden e pneus incluindo operador, materiais e transporte | D27: Área da pavimentação asfáltica x comprimento da pista x altura da camada de macadame seco | G27: =H25 -> 20000 | H27: 0.25 | I27: =G27*H27 -> 5000
A28: 6.1.3 | B28: EXECUÇÃO E COMPACTAÇÃO DE BASE E OU SUB BASE COM BRITA GRADUADA SIMPLES (COM TRANSPORTE) | C28: Camada de brita graduada compactada e=15cm, com uso de caminhão basculante, pá carregadeira ou distribuidor de agregados, rolo compactador tanden e pneus e caminhão pipa, incluindo operador, materiais e transporte | D28: Área da pavimentação asfáltica x comprimento da pista x altura da camada de brita graduada | G28: =H25 -> 20000 | H28: 0.15 | I28: =G28*H28 -> 3000
A29: 6.2 | B29: PAVIMENTAÇÃO ASFÁLTICA
A30: ITEM | B30: SERVIÇO/INSUMO | C30: DESCRIÇÃO DO SERVIÇO/INSUMO | D30: DESCRIÇÃO DO CÁLCULO | E30: Área (m²) | F30: Peso Especifico (t) | G30: Espessura (m) | H30: Volume (m³) | I30: Peso (t)
A31: 6.2.1 | B31: EXECUÇÃO DE IMPRIMAÇÃO COM ASFALTO DILUÍDO CM-30 | C31: Imprimação com CM-30 taxa de 1,0 l/m2, com uso de espargidor, trator de pneus, incluindo operador e material | D31: Área de pavimentação retirada em AutoCad | E31: =H25 -> 20000
A32: 6.2.2 | B32: EXECUÇÃO DE PINTURA DE LIGAÇÃO COM EMULSÃO ASFÁLTICA RR-2C | C32: Pintura de ligação RR-2C taxa de 0,8 l/m2 com limpeza da superficie, com uso de espargidor, trator de pneus, incluindo operador e materiais | D32: Área de pavimentação retirada em AutoCad | E32: 27000
A33: 6.2.3 | B33: =orcamento!C33 -> EXECUÇÃO DE PAVIMENTO COM APLICAÇÃO DE CONCRETO ASFÁLTICO, CAMADA DE ROLAMENTO - EXCLUSIVE CARGA E TRANSPORTE. AF_11/2019 (20000m² x 0,05 / 7000m² x 0,04) | C33: Construção de pavimento com aplicação de concreto betuminoso usinado a quente (CBUQ), camada de rolamento (e=5cm e 4cm)), com uso de vibroacabadora, rolo compactador tandem e de pneus, incluindo operador e materiais | D33: Área da pavimentação asfáltica x altura da camada de CAUQ | H33: =(20000*0.05)+(7000*0.04) -> 1280 | I33: =H33*2.4 -> 3072
F34: DMT (km) | G34: Peso (t) | I34: (txKm)
A35: 6.2.4 | B35: TRANSPORTE COM CAMINHÃO BASCULANTE DE 10 M³ - RODOVIA PAVIMENTADA | C35: Transporte do Concreto Asfáltico considerando a usina mais proxima (DMT 26Km) | D35: Transporte de CAUQ considerando a Usina mais próxima | F35: 26 | G35: =I33 -> 3072 | I35: =F35*G35 -> 79872
A36: 6.3 | B36: FRESAGEM e=4cm E RECOMPOSIÇÃO ASFÁLTICA SUPERFICIAL e=5cm
A37: ITEM | B37: SERVIÇO/INSUMO | C37: DESCRIÇÃO DO SERVIÇO/INSUMO | D37: DESCRIÇÃO DO CÁLCULO | E37: Fator de empolamento | F37: Comprimento (m) | G37: Espessura (m) | H37: Área (m²) | I37: Volume (m³)
A38: 6.3.1 | B38: FRESAGEM DE PAVIMENTO ASFÁLTICO (PROFUNDIDADE ATÉ 5,0 CM) - EXCLUSIVE TRANSPORTE. AF_11/2019 | C38: Fresagem continua de revestimento betuminoso, e=4cm | D38: Expessura da fresagem X área de fresagem retirada no AutoCad | G38: 0.04 | H38: 7000 | I38: =G38*H38 -> 280
E39: Fator de empolamento | F39: DMT (km) | G39: Volume (m³) | H39: Volume (m³xKm) | I39: Peso (t)
A40: 6.3.2 | B40: TRANSPORTE COM CAMINHÃO BASCULANTE DE 6 M³, EM VIA URBANA PAVIMENTADA, DMT ATÉ 30 KM (UNIDADE: M3XKM). AF_07/2020 | C40: Transporte de material proveniente do fresamento empolado em 50% para o bota fora (DMT 3Km) | D40: Transporte do volume proveniente da fresagem x fator de empolamento x DMT | E40: 1.5 | F40: 3 | G40: =I38 -> 280 | H40: =E40*F40*G40 -> 1260
E45: Área (m²) | F45: Peso Especifico (t) | G45: Espessura (m) | H45: Volume (m³)
A46: 6.3.3 | B46: EXECUÇÃO DE PINTURA DE LIGAÇÃO COM EMULSÃO ASFÁLTICA RR-2C | C46: Pintura de ligação RR-2C taxa de 0,8 l/m2 com limpeza da superficie, com uso de espargidor, trator de pneus, incluindo operador e materiais | D46: Área de pavimentação retirada em AutoCad | E46: 284.64
A47: 6.3.4 | B47: EXECUÇÃO DE PAVIMENTO COM APLICAÇÃO DE CONCRETO ASFÁLTICO, CAMADA DE ROLAMENTO - EXCLUSIVE CARGA E TRANSPORTE. AF_11/2019 | C47: Construção de pavimento com aplicação de concreto betuminoso usinado a quente (CBUQ), camada de rolamento (e=5cm), com uso de vibroacabadora, rolo compactador tandem e de pneus, incluindo operador e materiais | D47: Área da pavimentação asfáltica x altura da camada de CAUQ | E47: 284.64 | F47: 2.5548 | G47: 0.05 | H47: 14.23 | I47: 36.35
F48: DMT (km) | G48: Peso (t) | I48: (txKm)
A49: 6.3.5 | B49: TRANSPORTE COM CAMINHÃO BASCULANTE DE 10 M³ - RODOVIA PAVIMENTADA | C49: Transporte do Concreto Asfáltico considerando a usina mais proxima (DMT 26Km) | D49: Transporte de CAUQ considerando a Usina mais próxima | F49: 26 | G49: 36.35 | I49: 945.1
A50: 6.4 | B50: FAIXA ELEVADA
A51: ITEM | B51: SERVIÇO/INSUMO | C51: DESCRIÇÃO DO SERVIÇO/INSUMO | D51: DESCRIÇÃO DO CÁLCULO | E51: Área (m²) | F51: Peso Especifico (t) | G51: Espessura (m) | H51: Volume (m³) | I51: Peso (t)
A52: 6.4.1 | B52: EXECUÇÃO DE PINTURA DE LIGAÇÃO COM EMULSÃO ASFÁLTICA RR-2C | C52: Pintura de ligação RR-2C taxa de 0,8 l/m2 - região da plataforma da faixa elevada (1ª camada) | D52: Área das plataformas das faixas elevadas | E52: 60
A53: 6.4.2 | B53: EXECUÇÃO DE PAVIMENTO COM APLICAÇÃO DE CONCRETO ASFÁLTICO, CAMADA DE ROLAMENTO - EXCLUSIVE CARGA E TRANSPORTE. AF_11/2019 | C53: Aplicação de concreto betuminoso usinado a quente (CBUQ) e=6cm para elevação da faixa, com uso de vibroacabadora, rolo compactador tandem e de pneus, incluindo operador e materiais (1ª camada) | D53: Área das plataformas x espessura da elevação da faixa | E53: 60 | F53: 2.5548 | G53: 0.06 | H53: 3.6 | I53: 9.2
A54: 6.4.3 | B54: EXECUÇÃO DE PINTURA DE LIGAÇÃO COM EMULSÃO ASFÁLTICA RR-2C | C54: Pintura de ligação RR-2C taxa de 0,8 l/m2 - região da plataforma da faixa elevada (2ª camada) | D54: Área das plataformas das faixas elevadas | E54: 60
A55: 6.4.4 | B55: EXECUÇÃO DE PAVIMENTO COM APLICAÇÃO DE CONCRETO ASFÁLTICO, CAMADA DE ROLAMENTO - EXCLUSIVE CARGA E TRANSPORTE. AF_11/2019 | C55: Aplicação de concreto betuminoso usinado a quente (CBUQ) e=6cm para elevação da faixa, com uso de vibroacabadora, rolo compactador tandem e de pneus, incluindo operador e materiais (2ª camada) | D55: Área das plataformas x espessura da elevação da faixa | E55: 60 | F55: 2.5548 | G55: 0.06 | H55: 3.6 | I55: 9.2
A56: ITEM | B56: SERVIÇO/INSUMO | C56: DESCRIÇÃO DO SERVIÇO/INSUMO | D56: DESCRIÇÃO DO CÁLCULO | G56: Comprimento das rampas (m) | H56: Largura da rampa (m) | I56: Área (m²)
A57: 6.4.5 | B57: EXECUÇÃO DE PINTURA DE LIGAÇÃO COM EMULSÃO ASFÁLTICA RR-2C | C57: Pintura de ligação RR-2C taxa de 0,8 l/m2 - região das rampas da faixa elevada | D57: Comprimento das rampas x largura da rampa | G57: 24 | H57: 1.5 | I57: 36
A58: ITEM | B58: SERVIÇO/INSUMO | C58: DESCRIÇÃO DO SERVIÇO/INSUMO | D58: DESCRIÇÃO DO CÁLCULO | E58: Comprimento (m) | F58: Peso Especifico (t) | G58: Área de CAUQ para execução da rampa (0,09m³/m) | H58: Volume (m³) | I58: Peso (t)
A59: 6.4.6 | B59: EXECUÇÃO DE PAVIMENTO COM APLICAÇÃO DE CONCRETO ASFÁLTICO, CAMADA DE ROLAMENTO - EXCLUSIVE CARGA E TRANSPORTE. AF_11/2019 | C59: Aplicação de concreto betuminoso usinado a quente (CBUQ), com uso de vibroacabadora, rolo compactador tandem e de pneus, incluindo operador e materiais - região das rampas da faixa elevada | D59: Somatória dos comprimentos das rampas x área de cauq para execução da rampa (0,09m³/m) | E59: 24 | F59: 2.5548 | G59: 0.09 | H59: 2.16 | I59: 5.52
A60: ITEM | B60: SERVIÇO/INSUMO | C60: DESCRIÇÃO DO SERVIÇO/INSUMO | D60: DESCRIÇÃO DO CÁLCULO | F60: DMT (km) | G60: Peso (t) | I60: (txKm)
A61: 6.4.7 | B61: TRANSPORTE COM CAMINHÃO BASCULANTE DE 10 M³ - RODOVIA PAVIMENTADA | C61: Transporte do Concreto Asfáltico considerando a usina mais proxima (DMT 26Km) | D61: Transporte de CAUQ considerando a Usina mais próxima | F61: 26 | G61: 23.92 | I61: 621.92
A62: 6.4.8 | B62: TUBO DE PVC DN 75MM PARA AS FAIXAS ELEVADAS, COM FORNECIMENTO DE MATERIAL E INSTALAÇÃO | C62: Tubo de PVC DN 75mm para as faixas elevadas, com fornecimento de material e instalação | D62: Somatório dos comprimentos em planta | E62: 16
A63: 6.5 | B63: MEIO FIO
A64: ITEM | B64: SERVIÇO/INSUMO | C64: DESCRIÇÃO DO SERVIÇO/INSUMO | D64: DESCRIÇÃO DO CÁLCULO | E64: Comprimento (m)
A65: 6.5.1 | B65: MEIO FIO PRÉ MOLDADO DE CONCRETO TIPO 1 (ARREDONDADO) (6X10)X10X30, COM FORNECIMENTO E INSTALAÇÃO | C65: Meio fio Pré Moldado de concreto Tipo 1 (arredondado) (6x10)x10x30, incluindo escavação, materiais e serviço | D65: Somatório dos comprimentos em planta | E65: 159
A66: 6.5.2 | B66: MEIO FIO PRÉ MOLDADO DE CONCRETO TIPO 2 (RETO) 6X6X30, COM FORNECIMENTO E INSTALAÇÃO | C66: Meio fio Pré Moldado de concreto Tipo 2 (reto) 6x6x30, incluindo escavação, materiais e serviço | D66: Somatório dos comprimentos em planta | E66: 24
A67: 7 | B67: SINALIZAÇÃO VIÁRIA
A68: ITEM | B68: SERVIÇO/INSUMO | C68: DESCRIÇÃO DO SERVIÇO/INSUMO | D68: DESCRIÇÃO DO CÁLCULO | E68: Área do simbolo (m²) | F68: Quant. (un) | G68: Comprimento (m) | H68: Largura (m) | I68: Área (m²)
A69: 7.1 | B69: PINTURA DE FAIXA COM TINTA ACRÍLICA - ESPESSURA DE 0,6 MM | C69: Pintura de faixa de pedestre com tinta acrilica branca, incluindo materiais e serviço | D69: Área retirada em CAD | I69: 44
A70: 7.2 | B70: PINTURA DE FAIXA COM TINTA ACRÍLICA - ESPESSURA DE 0,6 MM | C70: Pintura de faixa elevada (faixas de pedestre da plataforma + retenção) com tinta acrilica branca, incluindo materiais e serviço | D70: Área retirada em CAD | I70: 24.09
A71: 7.3 | B71: PINTURA DE SETAS E ZEBRADOS COM TINTA ACRÍLICA - ESPESSURA DE 0,6 MM | C71: Pintura de faixa elevada (triangulos) com tinta acrilica amarela, incluindo materiais e serviço | D71: Área retirada em CAD | I71: 4.32
A72: 7.4 | B72: PINTURA DE SETAS E ZEBRADOS COM TINTA ACRÍLICA - ESPESSURA DE 0,6 MM | C72: Pintura de marcas de canalização (zebrado) para vaga de estacionamento preferencial com tinta acrilica branca, incluindo materiais e serviço | D72: Área retirada em CAD | I72: 2.1
A73: 7.5 | B73: PINTURA DE FAIXA COM TINTA ACRÍLICA - ESPESSURA DE 0,6 MM | C73: Pintura de faixa continua simples e=10cm com tinta acrilica branca, incluindo materiais e serviço | D73: Comprimento da faixa x Largura da faixa | G73: 310.55 | H73: 0.1 | I73: 31.06
A74: 7.6 | B74: PINTURA DE SETAS E ZEBRADOS COM TINTA ACRÍLICA - ESPESSURA DE 0,6 MM | C74: Pintura de setas de posicionamento (PEM) na pista de rolamento, com tinta acrilica branca, incluindo materiais e serviço | D74: Área retirada em CAD | I74: 5.43
A75: 7.7 | B75: PLACA DE INDICAÇÃO DO NOME DA RUA 25 X 50 CM, COM CHAPA DE AÇO E POSTE EM AÇO GALVANIZADO, CHUMBADA EM SAPATA DE CONCRETO | C75: Placa de indicação do nome da rua 25 x 50 cm com poste de aço galvanizado chumbada em sapata de concreto, (fornecimento dos materiais e instalação) | D75: Somatório de unidades retirada do projeto | F75: 2
A76: 7.8 | B76: PLACA DE REGULAMENTAÇÃO E OU ADVERTENCIA VERTICAL: REDONDA (Ø 50CM) COM CHAPA DE AÇO E POSTE EM AÇO GALVANIZADO, CHUMBADA EM SAPATA DE CONCRETO | C76: Placa de Regulamentação e ou Advertencia vertical: redonda (Ø 50cm) com chapa de aço e poste em aço galvanizado, chumbada em sapata de concreto | D76: Somatório de unidades retirada do projeto | F76: 7
A77: 7.9 | B77: PLACA DE REGULAMENTAÇÃO E OU ADVERTENCIA VERTICAL: QUADRADA (45X45CM) COM CHAPA DE AÇO E POSTE EM AÇO GALVANIZADO, CHUMBADA EM SAPATA DE CONCRETO | C77: Placa de Regulamentação e ou Advertencia vertical: quadrada (45x45cm) com chapa de aço e poste em aço galvanizado, chumbada em sapata de concreto | D77: Somatório de unidades retirada do projeto | F77: 2
A78: 7.10 | B78: PLACA DE REGULAMENTAÇÃO E OU ADVERTENCIA VERTICAL: RETANGULAR (60X96CM) COM CHAPA DE AÇO E POSTE EM AÇO GALVANIZADO, CHUMBADA EM SAPATA DE CONCRETO | C78: Placa de Regulamentação e ou Advertencia vertical: retangular (60x96cm) com chapa de aço e poste em aço galvanizado, chumbada em sapata de concreto | D78: Somatório de unidades retirada do projeto | F78: 2
A79: 7.11 | B79: PLACA DE REGULAMENTAÇÃO E OU ADVERTENCIA VERTICAL: DUPLA, REDONDA (Ø 50CM) E OCTOGONAL (LADOS DE 25CM) COM CHAPA DE AÇO E POSTE EM AÇO GALVANIZADO, CHUMBADA EM SAPATA DE CONCRETO | C79: Placa de Regulamentação e ou Advertencia vertical: DUPLA, redondo (Ø50) e octogonal (lados de 25cm) com chapa de aço e poste em aço galvanizado, chumbada em sapata de concreto | D79: Somatório de unidades retirada do projeto | F79: 2
A80: 7.12 | B80: PLACA DE REGULAMENTAÇÃO E OU ADVERTENCIA VERTICAL: TRIPLA, QUADRADA (45X45CM), REDONDA (Ø 50CM) E RETANGULAR (50X25CM) COM CHAPA DE AÇO E POSTE EM AÇO GALVANIZADO, CHUMBADA EM SAPATA DE CONCRETO | C80: Placa de Regulamentação e ou Advertencia vertical: TRIPLA quadrada (45x45cm), redonda (Ø50cm) e retangular (50X25cm) com chapa de aço e poste em aço galvanizado, chumbada em sapata de concreto | D80: Somatório de unidades retirada do projeto | F80: 2
A81: 7.13 | B81: PLACA DE INDICAÇÃO VERTICAL: RETANGULAR (92X82CM) COM CHAPA DE AÇO E POSTE EM AÇO GALVANIZADO, CHUMBADA EM SAPATA DE CONCRETO | C81: Placa de Indicação vertical: retangular (92x82cm) com chapa de aço e poste em aço galvanizado, chumbada em sapata de concreto | D81: Somatório de unidades retirada do projeto | F81: 2
A82: 8 | B82: OBRAS COMPLEMENTARES
A83: 8.1 | B83: PASSEIOS EM PAVER (e=6cm)
A84: ITEM | B84: SERVIÇO/INSUMO | C84: DESCRIÇÃO DO SERVIÇO/INSUMO | D84: DESCRIÇÃO DO CÁLCULO | E84: Comprimento (m) | F84: Área de meio fio (m²) | G84: Espessura (m) | H84: Área (m²) | I84: Volume (m³)
A85: 8.1.1 | B85: COMPACTACAO MECANICA, SEM CONTROLE DO GC (C/COMPACTADOR PLACA 400 KG) | C85: Compactação mecânica da área de implantação dos passeios de uma camada média de 20cm com uso de placa vibratória 400kg , incluindo operador | D85: Área dos passeios retirada em AutoCad x espessura média de aterro | G85: 0.2 | H85: 98.13 | I85: 19.63
A86: 8.1.2 | B86: EXECUÇÃO DE PASSEIO EM PISO INTERTRAVADO, COM BLOCO RETANGULAR COR NATURAL DE 20 X 10 CM, ESPESSURA 6 CM. AF_10/2022 | C86: Pavimentacao em blocos intertravados de concreto (PAVER CINZA), 20x10cm e=6cm, FCK 35mpa, assentados sobre areia média e=5cm, rejuntamento com agregado de granulometria média e=0,5cm com fornecimento de materiais e colocação | D86: Área de implantação descontando as áreas ocupadas pelo meio fio e pelo podotatil | F86: 7 | H86: 65.9
A87: 8.1.3 | B87: PAVIMENTACAO EM BLOCOS INTERTRAVADOS DE CONCRETO (PAVER VERMELHO PODOTATIL), ESPESSURA 6,0 CM, FCK 35MPA, ASSENTADOS SOBRE AREIA MÉDIA E=5CM, REJUNTAMENTO COM AGREGADO DE GRANULOMETRIA MÉDIA E=0,5CM,PARA ALERTA E DIRECIONAL COM FORNECIMENTO DE MATERIAIS E COLOCAÇÃO | C87: Pavimentacao em blocos intertravados de concreto (PAVER VERMELHO PODOTATIL DIRECIONAL), 20x20cm e=6cm, FCK 35mpa, assentados sobre areia média e=5cm , rejuntamento com agregado de granulometria média e=0,5cm com fornecimento de materiais e colocação | D87: Área de podotátil direcional retirada em AutoCad | H87: 23.29
D88: Área de podotátil alerta retirada em AutoCad | H88: 1.94
D89: Somatória das áreas de podotátil (Direcional + Alerta) | H89: 25.23
A90: 8.2 | B90: PASSEIOS EM PAVER (e=8cm)
A91: ITEM | B91: SERVIÇO/INSUMO | C91: DESCRIÇÃO DO SERVIÇO/INSUMO | D91: DESCRIÇÃO DO CÁLCULO | E91: Comprimento (m) | F91: Área de meio fio (m²) | G91: Espessura (m) | H91: Área (m²) | I91: Volume (m³)
A92: 8.2.1 | B92: COMPACTACAO MECANICA, SEM CONTROLE DO GC (C/COMPACTADOR PLACA 400 KG) | C92: Compactação mecânica da área de implantação dos passeios de uma camada média de 20cm com uso de placa vibratória 400kg , incluindo operador | D92: Área dos passeios retirada em AutoCad x espessura média de aterro | G92: 0.2 | H92: 41.25 | I92: 8.25
A93: 8.2.2 | B93: EXECUÇÃO E COMPACTAÇÃO DE BASE E OU SUB BASE COM BRITA GRADUADA SIMPLES (COM TRANSPORTE) | C93: Camada de brita graduada compactada e=15cm para reforço das áreas de pavimentação de passeio, com uso de caminhão basculante, pá carregadeira ou distribuidor de agregados, rolo compactador tanden e pneus e caminhão pipa, incluindo operador, materiais e transporte | D93: Área da pavimentação dos passeios reforçados x altura da camada de brita graduada | G93: 0.15 | H93: 41.25 | I93: 6.19
A94: 8.2.3 | B94: EXECUÇÃO DE PASSEIO EM PISO INTERTRAVADO, COM BLOCO RETANGULAR COR NATURAL DE 20 X 10 CM, ESPESSURA 6 CM. AF_10/2022 | C94: Pavimentacao em blocos intertravados de concreto (PAVER CINZA), 20x10cm e=8cm, FCK 35mpa, assentados sobre areia média e=5cm, rejuntamento com agregado de granulometria média e=0,5cm com fornecimento de materiais e colocação | D94: Área de implantação descontando as áreas ocupadas pelo meio fio e pelo podotatil | F94: 2.7 | H94: 27.14
A95: 8.2.4 | B95: PAVIMENTACAO EM BLOCOS INTERTRAVADOS DE CONCRETO (PAVER VERMELHO PODOTATIL), ESPESSURA 6,0 CM, FCK 35MPA, ASSENTADOS SOBRE AREIA MÉDIA E=5CM, REJUNTAMENTO COM AGREGADO DE GRANULOMETRIA MÉDIA E=0,5CM,PARA ALERTA E DIRECIONAL COM FORNECIMENTO DE MATERIAIS E COLOCAÇÃO | C95: Pavimentacao em blocos intertravados de concreto (PAVER VERMELHO PODOTATIL DIRECIONAL), 20x20cm e=6cm, FCK 35mpa, assentados sobre areia média e=5cm , rejuntamento com agregado de granulometria média e=0,5cm com fornecimento de materiais e colocação | D95: Área de podotátil direcional retirada em AutoCad | H95: 10.77
D96: Área de podotátil alerta retirada em AutoCad | H96: 0.64
D97: Somatória das áreas de podotátil (Direcional + Alerta) | H97: 11.41
F102: ___________________________________________
F103: RAFAEL GÜNTER MÜLLER Engenheiro Civil - CREA/SC 127855-2
F105: Rio do Sul, 28 de março de 2023

Sheet MERCADO
B30: Abaixo segue uma lista com valores e nomes de fabricantes. Junto ao nome de cada fabricante há o contato deles e o CNPJ: Os valores referem-se ao produto posto no local da obra. Para a composição dos custos utilizou-se o valor mínimo do Mercado.
B32: Código Utilizado | C32: Descrição | D32: Unid. | E32: Empresas | F32: Valor do Insumo Sem Frete (S/BDI) | G32: Valor Unit. do Frete (MERCADO) (M3/KM) (S/BDI) | I32: DMT Utilizado (KM) | J32: Valor Total do Frete (S/BDI) | K32: Valor Total Orçado (S/BDI) | L32: Valor Orçado (Mín, S/BDI)
B33: MPA002 | C33: BRITA Nº1 COM FORNECIMENTO DO MATERIAL | D33: M3 | E33: LZK Construtora - Pouso Redondo - CNPJ: 07.455.659/0001-81 - (47) 3545-8600 | F33: 67.56 | G33: 0.5 | I33: 34 | J33: 17 | K33: 84.56 | L33: 59.5
E34: Britagem Santa Tereza - Aurora - CNPJ:05.909.258/0001-29 - (47)3533-4062 | F34: 53 | G34: 0.5 | I34: 13 | J34: 6.5 | K34: 59.5
E35: Da Clande - Ibirama - CNPJ: 03.222.166/0001-40 - (47) 3357-9004 ou (47) 99175-4403 | F35: 82.0216 | G35: 0.5 | I35: 28 | J35: 14 | K35: 96.02
B36: MPA003 | C36: BRITA Nº2 COM FORNECIMENTO DO MATERIAL | D36: M3 | E36: LZK Construtora - Pouso Redondo - CNPJ: 07.455.659/0001-81 - (47) 3545-8600 | F36: 66.11 | G36: 0.5 | I36: 34 | J36: 17 | K36: 83.11 | L36: 59.5
E37: Britagem Santa Tereza - Aurora - CNPJ:05.909.258/0001-29 - (47)3533-4062 | F37: 53 | G37: 0.5 | I37: 13 | J37: 6.5 | K37: 59.5
E38: Da Clande - Ibirama - CNPJ: 03.222.166/0001-40 - (47) 3357-9004 ou (47) 99175-4403 | F38: 76.68 | G38: 0.5 | I38: 28 | J38: 14 | K38: 90.68
B39: MPA004 | C39: PÓ DE BRITA COM FORNECIMENTO DO MATERIAL | D39: M3 | E39: LZK Construtora - Pouso Redondo - CNPJ: 07.455.659/0001-81 - (47) 3545-8600 | F39: 68.57 | G39: 0.5 | I39: 34 | J39: 17 | K39: 85.57 | L39: 59.5
E40: Britagem Santa Tereza - Aurora - CNPJ:05.909.258/0001-29 - (47)3533-4062 | F40: 53 | G40: 0.5 | I40: 13 | J40: 6.5 | K40: 59.5
E41: Da Clande - Ibirama - CNPJ: 03.222.166/0001-40 - (47) 3357-9004 ou (47) 99175-4403 | F41: 88.125 | G41: 0.5 | I41: 28 | J41: 14 | K41: 102.13
B42: MPA005 | C42: RACHÃO PARA BASE DE PAVIMENTAÇÃO COM FORNECIMENTO DO MATERIAL | D42: M3 | E42: LZK Construtora - Pouso Redondo - CNPJ: 07.455.659/0001-81 - (47) 3545-8600 | F42: 51 | G42: 0.5 | I42: 34 | J42: 17 | K42: 68 | L42: 59.5
E43: Britagem Santa Tereza - Aurora - CNPJ:05.909.258/0001-29 - (47)3533-4062 | F43: 53 | G43: 0.5 | I43: 13 | J43: 6.5 | K43: 59.5
E44: Da Clande - Ibirama - CNPJ: 03.222.166/0001-40 - (47) 3357-9004 ou (47) 99175-4403 | F44: 61.23 | G44: 0.5 | I44: 28 | J44: 14 | K44: 75.23
B45: Código Utilizado | C45: Descrição | D45: Unid. | E45: Empresas | F45: Valor do Insumo Sem Frete (S/BDI) | G45: Valor Unit. do Frete (TKM) (S/BDI) SICRO 5914434) | H45: Peso (T/M) | I45: DMT Utilizado (KM) | J45: Valor Total do Frete (S/BDI) | K45: Valor Total Orçado (S/BDI) | L45: Valor Orçado (Mín, S/BDI)
B46: MPA008 | C46: MEIO FIO 6X30X100 (RETO) COM FORNECIMENTO DO MATERIAL | D46: M | E46: Fronza Artefatos de Cimento - Rio do Sul - CNPJ: 79.695.086/0001-74 - (47) 3525-2719 | F46: 40 | G46: 0.78 | H46: 0.04 | I46: 0 | J46: 0 | K46: 40 | L46: 25
E47: Cimentari Artefatos de Cimento - Rio do Sul - CNPJ:04.342.079/0001-90 - (47) 3525-0083 | F47: 25 | G47: 0.78 | H47: 0.04 | I47: 0 | J47: 0 | K47: 25
E48: Artefatos de Cimento Santa Tereza - Aurora - CNPJ: 16.491.960/0001-31 - (47) 99274-0190 - Mateus Zancanaro | F48: 25 | G48: 0.78 | H48: 0.04 | I48: 13 | J48: 0.41 | K48: 25.41
B49: MPA009 | C49: MEIO FIO 6/10X30X100 (ARREDONDADO) COM FORNECIMENTO DO MATERIAL | D49: M | E49: Fronza Artefatos de Cimento - Rio do Sul - CNPJ: 79.695.086/0001-74 - (47) 3525-2719 | F49: 42.5 | G49: 0.78 | H49: 0.06 | I49: 0 | J49: 0 | K49: 42.5 | L49: 30.22
E50: Artefatos de Cimento Santa Tereza - Aurora - CNPJ: 16.491.960/0001-31 - (47) 99274-0190 - Mateus Zancanaro | F50: 30 | G50: 0.78 | H50: 0.06 | I50: 13 | J50: 0.61 | K50: 30.61
E51: Kurtz Mat. De Construção - Ituporanga - CNPJ: 07.990.747/0001-83 - (47) 3533-5959 | F51: 29 | G51: 0.78 | H51: 0.06 | I51: 26 | J51: 1.22 | K51: 30.22
B52: Código Utilizado | C52: Descrição | D52: Unid. | E52: Empresas | F52: Valor do Insumo Sem Frete (S/BDI) | G52: Valor Unit. do Frete (TKM) (S/BDI) SICRO 5914434) | H52: Peso (T/M2) | I52: DMT Utilizado (KM) | J52: Valor Total do Frete (S/BDI) | K52: Valor Total Orçado (S/BDI) | L52: Valor Orçado (Mín, S/BDI)
B53: MPA018 | C53: PODOTATIL DE PAVER 20X20X6 35Mpa COM FORNECIMENTO DO MATERIAL | D53: M2 | E53: Cimentari Artefatos de Cimento - Rio do Sul - CNPJ:04.342.079/0001-90 - (47) 3525-0083 | F53: 125 | G53: 0.78 | H53: 0.12 | I53: 0 | J53: 0 | K53: 125 | L53: 68.22
E54: Blocos Leske - Lontras - CNPJ: 03.972.712/0001-60 - (47) 3523-0519 | F54: 67 | G54: 0.78 | H54: 0.12 | I54: 13 | J54: 1.22 | K54: 68.22
E55: Artefatos de Cimento Santa Tereza - Aurora - CNPJ: 16.491.960/0001-31 - (47) 99274-0190 - Mateus Zancanaro | F55: 73 | G55: 0.78 | H55: 0.12 | I55: 13 | J55: 1.22 | K55: 74.22
B56: Código Utilizado | C56: Descrição | D56: Unid. | E56: Empresas | F56: Valor do Insumo Sem Frete (S/BDI) | G56: Valor Unit. do Frete (TKM) (S/BDI) SICRO 5914434) | H56: Peso (T/UN) | I56: DMT Utilizado (KM) | J56: Valor Total do Frete (S/BDI) | K56: Valor Total Orçado (S/BDI) | L56: Valor Orçado (Mín, S/BDI)
B57: MPA020 | C57: TAMPA COM GRELHA DE CONCRETO 55/75 COM FORNECIMENTO DO MATERIAL | D57: UN | E57: Kurtz Mat. De Construção - Ituporanga - CNPJ: 07.990.747/0001-83 - (47) 3533-5959 | F57: 280 | G57: 0.78 | H57: 0.08 | I57: 26 | J57: 1.62 | K57: 281.62 | L57: 140
E58: Cimentari Artefatos de Cimento - Rio do Sul - CNPJ:04.342.079/0001-90 - (47) 3525-0083 | F58: 140 | G58: 0.78 | H58: 0.08 | I58: 0 | J58: 0 | K58: 140
E59: Artefatos de Cimento Santa Tereza - Aurora - CNPJ: 16.491.960/0001-31 - (47) 99274-0190 - Mateus Zancanaro | F59: 210 | G59: 0.78 | H59: 0.08 | I59: 13 | J59: 0.81 | K59: 210.81
B60: Código Utilizado | C60: Descrição | D60: Unid. | E60: Empresas | F60: Valor do Insumo Sem Frete (S/BDI) | G60: Valor Unit. do Frete (TKM) (S/BDI) SICRO 5914622) | I60: DMT Utilizado (KM) | J60: Valor Total do Frete (S/BDI) | K60: Valor Total Orçado (S/BDI) | L60: Valor Orçado (Mín, S/BDI)
B61: MPA041 | C61: ASFALTO DILUÍDO CM-30, COM FORNECIMENTO DO MATERIAL E APLICAÇÃO DE ICMS | D61: T | E61: ANP - Agência Nacional do Petróleo, Gás Natural e Biocombustível_01/2023 - Origem do material: Paraná | F61: 5052.8795 | G61: 1.89 | I61: 261 | J61: 493.29 | K61: 5546.17 | L61: 5546.17
B62: Código Utilizado | C62: Descrição | D62: Unid. | E62: Empresas | F62: Valor do Insumo Com Frete (S/BDI) | G62: Valor Unit. do Frete (MERCADO) (M3/KM) (S/BDI) | I62: DMT Utilizado (KM) | J62: Valor Total do Frete (S/BDI) | K62: Valor Total Orçado (S/BDI) | L62: Valor Orçado (Mín, S/BDI)
B63: MPA044 | C63: BRITA Nº0 COM FORNECIMENTO DO MATERIAL | D63: M3 | E63: LZK Construtora - Pouso Redondo - CNPJ: 07.455.659/0001-81 - (47) 3545-8600 | F63: 68.57 | G63: 0.5 | I63: 34 | J63: 17 | K63: 85.57 | L63: 59.5
E64: Britagem Santa Tereza - Aurora - CNPJ:05.909.258/0001-29 - (47)3533-4062 | F64: 53 | G64: 0.5 | I64: 13 | J64: 6.5 | K64: 59.5
E65: Da Clande - Ibirama - CNPJ: 03.222.166/0001-40 - (47) 3357-9004 ou (47) 99175-4403 | F65: 85.0438 | G65: 0.5 | I65: 28 | J65: 14 | K65: 99.04
B66: Código Utilizado | C66: Descrição | D66: Unid. | E66: Empresas | F66: Valor do Insumo Sem Frete (S/BDI) | G66: Valor Unit. do Frete (TKM) (S/BDI) SICRO 5914622) | H66: Peso (T/UN) | I66: DMT Utilizado (KM) | J66: Valor Total do Frete (S/BDI) | K66: Valor Total Orçado (S/BDI) | L66: Valor Orçado (Mín, S/BDI)
B67: MPA046 | C67: EMULSÃO ASFÁLTICA RR-2C, COM FORNECIMENTO DO MATERIAL E APLICAÇÃO DE ICMS | D67: T | E67: ANP - Agência Nacional do Petróleo, Gás Natural e Biocombustível_01/2023 - Origem do material: Paraná | F67: 3351.1325 | G67: 1.89 | I67: 261 | J67: 493.29 | K67: 3844.42 | L67: 3844.42
C68: *Para as cotações de material britado foram orçadas pedreiras com fornecimento do material incluindo carga, transporte e descarga na obra.
H76: RAFAEL GÜNTER MÜLLER Engenheiro Civil - CREA/SC 127855-2
H79: Rio do Sul, 28 de março de 2023
